 Dungeon Crawl Stone Soup version 0.28-a0-595-g9f6c0e134a (webtiles) character file.

Game seed: 11278347502240186616

14 iamoutofideas the Chopper (level 2, -1/25 HPs)
             Began as a Hill Orc Gladiator on Oct 4, 2021.
             Slain by an adder (3 damage)
             ... on level 2 of the Dungeon.
             The game lasted 00:00:25 (218 turns).

iamoutofideas the Chopper (Hill Orc Gladiator)       Turns: 218, Time: 00:00:27

Health: -1/25      AC:  4    Str: 16    XL:     2   Next: 45%
Magic:  2/2        EV: 12    Int:  8    God:
Gold:   0          SH:  0    Dex: 12    Spells: 1/1 levels left

rFire   . . .      SeeInvis .   a - +0 war axe
rCold   . . .      Faith    .   (no shield)
rNeg    . . .      Spirit   .   b - +0 leather armour
rPois   .          Reflect  .   c - +0 helmet
rElec   .          Harm     .   (no cloak)
rCorr   .          Rampage  .   (no gloves)
Will    .....                   (no boots)
Stlth   +.........              (no amulet)
HPRegen 0.08/turn               (no ring)
MPRegen 0.08/turn               (no ring)

@: lethally poisoned (-1 -> -6)
A: no striking features
a: no special abilities


You were on level 2 of the Dungeon.
You visited 1 branch of the dungeon, and saw 2 of its levels.

Inventory:

Hand Weapons
 a - a +0 war axe (weapon)
Missiles
 d - 3 throwing nets (quivered)
Armour
 b - a +0 leather armour (worn)
 c - a +0 helmet (worn)


   Skills:
 + Level 2.5 Fighting
 + Level 4.5 Axes
 + Level 1.8 Throwing
 + Level 0.1 Armour
 + Level 2.6 Dodging


You had one spell level left.
You didn't know any spells.
Your spell library was empty.

Dungeon Overview and Level Annotations

Branches:
Dungeon (2/15)

Altars:


Message History

The hobgoblin shouts! x2
Found an escape hatch in the floor.
There is a stone staircase leading up here.
Unknown command.
Blink to where?
Press: ? - help, Dir - move target An adder comes into view.
As you read the scroll labelled GUHUTARRIRCH, it crumbles to dust.
It was a scroll of blinking.
You aren't carrying any potions.
You hit the adder.
The adder is lightly wounded.
The adder bites you but does no damage. x2
You hit the adder.
The adder is heavily wounded.
You slash the frilled lizard!
You kill the frilled lizard!
The adder bites you but does no damage.
You barely miss the adder.
The adder is heavily wounded.
The adder misses you. The adder bites you.
* * * LOW HITPOINT WARNING * * *
You slash the adder!
You kill the adder!
You have reached level 2!
You see here an adder corpse.
An adder, a quokka and a goblin come into view.
The adder hisses angrily.
The goblin shouts!
A worm comes into view.
The adder closely misses you. The adder barely misses you.
The worm moves out of view.
You barely miss the adder. The adder barely misses you.
The goblin hits you but does no damage.
You miss the adder. You slash the goblin!
You kill the goblin!
The adder bites you.
* * * LOW HITPOINT WARNING * * *
You are lethally poisoned!
The adder poisons you! The adder bites you.
You die...

#...........
#...........
#...........
#...g.......
#...g.......
#..†........
####†#+#....
#)# . #@#
#.Sr.....
###g..###
...# ..#
.... .#.#
.#.#


You could see an adder, a quokka, 2 hobgoblins and a goblin.

Vanquished Creatures
  An adder (D:2)
  A dart slug (D:1)
  2 goblins
  A ball python (D:1)
  A frilled lizard (D:2)
6 creatures vanquished.

Notes
Turn   | Place    | Note
-------+----------+-------------------------------------------
     0 | D:1      | iamoutofideas the Hill Orc Gladiator began the quest for
                  | the Orb.
     0 | D:1      | Reached XP level 1. HP: 18/18 MP: 1/1
   214 | D:2      | Reached XP level 2. HP: 4/25 MP: 2/2
   218 | D:2      | Slain by an adder

Illustrated notes

Levels and vault maps discovered:
D:1:      saegor_arrival_miasma, layout_rooms, ebering_ecumenical_altar_rust
D:2:      layout_basic, minmay_split_cup_small

Action                   || total
-------------------------++-------
Melee: War axe           ||    17
  Use: Scroll            ||     1
Armor: Leather armour    ||    10
Dodge: Dodged            ||    14

Table legend: (Time is in decaauts)
 A = Elapsed time spent in this place.
 B = Non-inter-level travel time spent in this place.
 C = Inter-level travel time spent in this place.
 D = Time resting spent in this place.
 E = Time spent auto-exploring this place.
 F = Levels seen in this place.
 G = Mean time per level.
                   A        B        C        D        E       F      G
               +--------+--------+--------+--------+--------+-----+--------+
         Total |    222 |    222 |      0 |      0 |    169 |   2 |  111.0 |
       Dungeon |    222 |    222 |      0 |      0 |    169 |   2 |  111.0 |
               +--------+--------+--------+--------+--------+-----+--------+

Top non-repeatable levels by time:
     D:1: 211 daAuts
     D:2: 11 daAuts
